AoeStats
← TheBlo0dy

Arabia

509946750Analyzed
1v1 RM · 3d ago on Sep 28, 2026· 46m 12s· 2 players
Game mode
Random Map
Map size
Tiny (2 player)
Population
200
Speed
Normal
Resources
Standard
Victory
Conquest
Starting age
Dark Age
Ending age
Imperial Age
RankedLock teamsTeams togetherTeam positionsShared explorationLock speedFull tech treeHidden civsTurbo modeCheats
Victory
Defeat
🇪🇸 Goths · Spain
780
+16
🇫🇷 Khmer · France
775
-16
TheBlo0dy
8:07 Loom
13:11 Feudal Age
17:36 Castle Age
18:03 Fletching
18:14 Padded Archer Armor
20:15 Horse Collar
20:22 Double-Bit Axe
20:03 Crossbowman
21:45 Town Watch
24:31 Husbandry
25:18 Light Cavalry
28:18 Forging
29:06 Pikeman
30:23 Man-at-Arms
32:25 Bloodlines
37:07 Bodkin Arrow
37:27 Leather Archer Armor
39:40 Wheelbarrow
40:53 Scale Barding Armor
40:48 Scale Mail Armor
43:45 Hand Cart
44:11 Ballistics
44:03 Masonry
pcampuzano1987
1:43 Loom
9:38 Feudal Age
11:02 Wheelbarrow
10:14 Double-Bit Axe
13:08 Gold Mining
12:51 Man-at-Arms
15:00 Horse Collar
16:48 Scale Mail Armor
16:59 Stone Mining
22:09 Castle Age
22:17 Forging
23:09 Hand Cart
22:28 Elite Skirmisher
23:13 Heavy Plow
23:38 Bow Saw
25:43 Stone Shaft Mining
25:37 Long Swordsman
26:22 Squires
27:02 Padded Archer Armor
28:50 Husbandry
30:29 Iron Casting
31:11 Bloodlines
31:45 Pikeman
39:22 Imperial Age
39:01 Chain Mail Armor
39:03 Leather Archer Armor
40:27 Conscription
42:14 Elite Huskarl
44:00 Halberdier
45:01 Perfusion
44:59 Two-Handed Swordsman
45:33 Capped Ram
Connection lost

Rejoining the realm…

Still unreachable

The connection could not be restored.

Session expired

The server has moved on; the page needs a fresh start.